 Dungeon Crawl Stone Soup version 0.24.0-37-gcf1ca852f1 (webtiles) character file.

Game seed: 7178830088124545019, levelgen mode: deterministic

1505 sankara the Basher (level 8, -10/49 HPs)
             Began as a Gargoyle Earth Elementalist on Nov 30, 2019.
             Was an Initiate of Ashenzari.
             Killed from afar by Dowan (22 damage)
             ... with a shard of ice
             ... on level 5 of the Dungeon.
             The game lasted 00:36:28 (7373 turns).

sankara the Basher (Gargoyle Earth Elementalist)    Turns: 7373, Time: 00:36:28

Health: -10/49     AC:  9    Str: 13    XL:     8   Next: 82%
Magic:  0/12       EV: 12    Int: 17    God:    Ashenzari [......]
Gold:   320        SH:  0    Dex: 10    Spells: 5/12 levels left

rFire    . . .     SeeInvis .   a - +0 whip
rCold    . . .     Gourm    .   (no shield)
rNeg     + . .     Faith    .   c - +0 robe
rPois    ∞         Spirit   .   (no helmet)
rElec    +         Reflect  .   (no cloak)
rCorr    .         Harm     .   C - +1 pair of gloves (curse)
MR       .....                  (no boots)
Stlth    ++........             t - amulet of rage
HPRegen  0.16/turn              (no ring)
MPRegen  0.13/turn              (no ring)

@: no status effects
A: negative energy resistance 1, electricity resistance, unbreathing,
petrification resistance, rot immunity, AC +5
a: Curse Item, Renounce Religion, Evoke Berserk Rage


You were on level 5 of the Dungeon.
You worshipped Ashenzari.
Ashenzari was noncommittal.
You were hungry.

You visited 2 branches of the dungeon, and saw 6 of its levels.
You also visited: Sewer.

You collected 320 gold pieces.

Inventory:

Hand Weapons
 a - a +0 whip (weapon)
 l - a +0 dagger
 q - a +0 mace
 r - a +2 antimagic great mace
 D - a +2 flail of protection
Missiles
 b - 124 stones (quivered)
Armour
 c - a +0 robe (worn)
 s - a +0 pair of gloves
 C - a cursed +1 pair of gloves (worn)
Jewellery
 t - an amulet of rage (around neck)
Wands
 o - a wand of random effects (21)
Scrolls
 e - 2 scrolls of enchant weapon {unknown}
 f - 8 scrolls of identify {unknown}
 g - 2 scrolls of enchant armour {unknown}
 j - 3 scrolls of teleportation {unknown}
 m - 2 scrolls of immolation {unknown}
 n - 4 scrolls of magic mapping {unknown}
 u - 2 scrolls of blinking {unknown}
 v - a scroll of remove curse
 x - 3 scrolls of fog {unknown}
 y - 2 scrolls of fear {unknown}
Potions
 h - 4 potions of brilliance {unknown}
 i - a potion of agility {unknown}
 k - 2 potions of lignification {unknown}
 p - 5 potions of curing
 w - 3 potions of heal wounds {unknown}
 z - a potion of haste {unknown}
 A - 3 potions of magic {unknown}
Comestibles
 d - 10 rations


   Skills:
 - Level 5.0 Fighting
 - Level 8.3 Maces & Flails
 - Level 1.5 Dodging
 - Level 2.1 Stealth
 + Level 2.8 Spellcasting
 - Level 0.7 Transmutations
 + Level 5.8 Earth Magic


You had 5 spell levels left.
You knew the following spells:

 Your Spells              Type           Power        Failure   Level  Hunger
a - Sandblast             Erth           ###...       1%          1    #......
b - Passwall              Tmut/Erth      ##......     7%          2    ##.....
c - Animate Skeleton      Necr           N/A          19%         1    #......
d - Stone Arrow           Conj/Erth      ##....       16%         3    ###....

Your spell library contained the following spells:

 Spells                   Type           Power        Failure   Level  Hunger
 Beastly Appendage        Tmut           #.....       13%         1    #......
 Apportation              Tloc           #.....       19%         1    #......
 Confusing Touch          Hex            #.....       19%         1    #......
 Summon Small Mammal      Summ           #...         19%         1    #......
 Sticks to Snakes         Tmut           #.......     21%         2    ##.....
 Petrify                  Tmut/Erth      ##......     41%         4    #####..
 Lee's Rapid Deconstruct  Erth           ###.......   41%         5    ######.
 Spider Form              Tmut/Pois      #.........   43%         3    ###....
 Ice Form                 Ice/Tmut       #.......     83%         4    #####..
 Blade Hands              Tmut           #.........   98%         5    ######.


Dungeon Overview and Level Annotations

Branches:
Dungeon (5/15)             Temple (1/1) D:5           Sewer (visited)

Altars:
Ashenzari
Cheibriados
Dithmenos
Elyvilon
Fedhas
Gozag
Hepliaklqana
Kikubaaqudgha
Makhleb
Nemelex Xobeh
Okawaru
Qazlal
Ru
Sif Muna
Trog
Uskayaw
Vehumet
Wu Jian
Xom
Yredelemnul
Zin
The Shining One

Shops:
D:4 *

Annotations:
D:5 Dowan


Innate Abilities, Weirdness & Mutations

You are resistant to torment.
Your stone body is resilient. (AC +5)
You are immune to poison.
You resist negative energy. (rN+)
You are resistant to electric shocks. (rElec)
You can survive without breathing.
You are immune to petrification.
You are immune to rotting.


Message History

Dowan is severely wounded.
Dowan gestures wildly while chanting.
Dowan blinks!
Dowan casts a spell at you. The shard of ice hits you!
* * * LOW HITPOINT WARNING * * *
Casting: Sandblast (safe; 1% risk of failure)
Confirm with . or Enter, or press ? or * to list all spells.
Aiming: Sandblast (safe; 1% risk of failure)
Press: ? - help, Shift-Dir - straight line, f/p - Dowan
Aim: Dowan, wielding a +3 dagger and wearing a +2 robe of magic resistance (severely wounded, fast)
The blast of sand hits Dowan.
Dowan is severely wounded.
b - 124 stones Dowan hits you but does no damage.
You closely miss Dowan.
Dowan is severely wounded.
Dowan gestures at you while chanting. The shard of ice hits you!!
You die...

#.......# #..........# ######
#.......# #.###....#'###.....
........## #.# #.##....##.....
#######....# #.# #.###..........
...........####.###.....[........
..........).)...##...............
.........#..##..##...............
.....≈≈..##.....##...............
....≈..≈.##.....@e<.....<........
≈≈..≈..≈≈≈##.#.###...#...#.......
..≈..≈..≈≈≈#.#.###...#...#.......
..≈⌠.≈...≈≈#.....'...+...........
≈.⌠≈..≈..≈≈#..####...##..#.......
≈..≈..≈..≈≈#...# #....#..'.......
.≈..≈≈...≈##.#)###.##.##.#.......
.≈.......###....##.#..........#'#
≈........# ####.##.#..##........#


You could see Dowan.

Vanquished Creatures
  Edmund (D:4)
  Duvessa (D:5)
  2 ice beasts (D:5)
  An ogre (D:4)
  2 phantoms (D:4)
  Blork the orc (D:4)
  2 bullfrogs (Sewer)
  2 scorpions (D:4)
  A bullfrog skeleton (D:5)
  2 hounds (D:4)
  2 orc wizards
  A quasit (D:5)
  A centaur skeleton (D:4)
  A worker ant (Temple)
  3 gnolls (D:4)
  13 adders
  5 river rats (Sewer)
  2 oozes
  3 worms
  3 leopard geckos (D:1)
  7 orcs
  13 ball pythons
  6 bats
  3 giant cockroaches
  8 goblins
  12 hobgoblins
  9 jackals
  2 quokkas (D:4)
  6 frilled lizards
  5 kobolds
  A leopard gecko skeleton (D:4)
  28 rats
149 creatures vanquished.

Notes
Turn   | Place    | Note
-------+----------+-------------------------------------------
     0 | D:1      | sankara the Gargoyle Earth Elementalist began the quest for
                  | the Orb.
     0 | D:1      | Reached XP level 1. HP: 10/10 MP: 3/3
    66 | D:1      | Reached XP level 2. HP: 2/15 MP: 0/5
   844 | D:1      | Reached skill level 5 in Earth Magic
   844 | D:1      | Reached XP level 3. HP: 7/19 MP: 4/6
  1092 | D:1      | Learned a level 2 spell: Passwall
  1096 | D:1      | Learned a level 3 spell: Stone Arrow
  1431 | D:2      | Reached skill level 1 in Maces & Flails
  1504 | D:2      | Reached skill level 2 in Maces & Flails
  1504 | D:2      | Reached XP level 4. HP: 7/24 MP: 3/7
  1936 | D:2      | Found a burning altar of Makhleb.
  2022 | D:2      | Reached skill level 3 in Maces & Flails
  2119 | D:2      | Found a burning altar of Makhleb.
  2436 | D:3      | Reached XP level 5. HP: 27/28 MP: 8/8
  3022 | D:4      | Reached skill level 4 in Maces & Flails
  3253 | D:4      | Noticed a phantom
  3278 | D:4      | Killed a phantom
  3278 | D:4      | Reached skill level 5 in Maces & Flails
  3278 | D:4      | Reached XP level 6. HP: 20/32 MP: 0/9
  3410 | D:4      | Found a glowing drain.
  3446 | Sewer    | Entered a sewer
  4541 | Sewer    | Reached skill level 1 in Fighting
  4541 | Sewer    | Reached skill level 6 in Maces & Flails
  4541 | Sewer    | Reached XP level 7. HP: 21/38 MP: 7/10
  4804 | Sewer    | Learned a level 1 spell: Animate Skeleton
  5103 | D:4      | Found Xaedd's General Store.
  5439 | D:4      | Noticed Edmund
  5493 | D:4      | Killed Edmund
  5493 | D:4      | Reached skill level 7 in Maces & Flails
  5493 | D:4      | Reached XP level 8. HP: 23/48 MP: 1/11
  5993 | D:4      | Noticed Blork the orc
  6010 | D:4      | Killed Blork the orc
  6346 | D:5      | Entered Level 5 of the Dungeon
  6388 | D:5      | Reached skill level 5 in Fighting
  6519 | D:5      | Reached skill level 8 in Maces & Flails
  6604 | D:5      | Found a staircase to the Ecumenical Temple.
  6624 | Temple   | Entered the Ecumenical Temple
  6913 | Temple   | Became a worshipper of Ashenzari the Shackled
  7181 | D:5      | Noticed Dowan
  7181 | D:5      | Noticed Duvessa
  7341 | D:5      | Killed Duvessa
  7373 | D:5      | Killed from afar by Dowan

Levels and vault maps discovered:
D:1:      ncdulo_smallfort, layout_rooms
D:2:      layout_loops_cross, lemuel_round_altar, minmay_hedge_maze,
          bloody_makhleb
D:3:      layout_loops_cross
D:4:      layout_gridville, gup_sewer_entry_glass, first_ration, serial_shops,
          shop, uniq_blork_the_orc, uniq_edmund
D:5:      cheibrodos_helix_gallery, layout_basic, minmay_temple_entry_arrows,
          uniq_duvessa
Temple:   nicolae_temple_the_god_donut

Skill      XL: |  1  2  3  4  5  6  7  8 |
---------------+-------------------------+-----
Earth Magic    | 4 5 |  5.8
Maces & Flails | 2 3 5 6 7 8 |  8.3
Fighting       | 1 4 5 |  5.0
Dodging        | |  1.5
Stealth        | |  2.1
Spellcasting   | |  2.8
Transmutations | |  0.7

Action                   |  1- 3 |  4- 6 |  7- 9 || total
-------------------------+-------+-------+-------++-------
Melee: Unarmed           |    78 |       |       ||    78
       Dagger            |    11 |       |       ||    11
       Mace              |    62 |    44 |       ||   106
       Whip              |       |   192 |   185 ||   377
Throw: Stone             |       |       |     1 ||     1
 Cast: Sandblast         |    17 |    59 |    44 ||   120
       Stone Arrow       |       |     1 |    19 ||    20
       Animate Skeleton  |       |       |     2 ||     2
Invok: Curse Item        |       |       |     1 ||     1
  Use: Potion            |       |       |     1 ||     1
 Stab: Sleeping          |     3 |     4 |     2 ||     9
  Eat: Chunk             |     2 |    11 |    12 ||    25
Armor: Robe              |    86 |   118 |    84 ||   288
Dodge: Dodged            |   177 |   207 |    94 ||   478
